 Dungeon Crawl Stone Soup version 0.31-a0-435-g2c6fae2916 (webtiles) character file.

Game seed: 1659195280267004417

397 Ethylacetat the Insei (level 6, -2/34 HPs)
             Began as a Vine Stalker Monk on Aug 1, 2023.
             Slain by a gnoll
             ... wielding a +0 spear
              (6 damage)
             ... on level 3 of the Dungeon.
             The game lasted 00:05:32 (2469 turns).

Ethylacetat the Insei (Vine Stalker Monk)           Turns: 2469, Time: 00:05:35

Health: -2/34      AC:  4    Str: 13    XL:     6   Next: 83%
Magic:  0/16       EV: 13    Int: 10    God:
Gold:   203        SH:  0    Dex: 19    Spells: 5/5 levels left

rFire   . . .        a - +2 short sword (venom)
rCold   . . .        c - orb {light}
rNeg    . . .        j - +0 troll leather armour
rPois   .            g - +0 hat
rElec   .            (no cloak)
rCorr   .            (no gloves)
SInv    .            (no boots)
Will    .....        (no amulet)
Stlth   +            d - ring of magical power
HPRegen 1.85/turn    (no ring)
MPRegen 0.15/turn

%: guardian spirit
@: glowing
A: fangs 2, regeneration 1, magic shield, antimagic bite, no potion heal 2
a: no special abilities


You were on level 3 of the Dungeon.
You visited 1 branch of the dungeon, and saw 3 of its levels.
You also visited: Sewer.

You collected 203 gold pieces.

Inventory:

Hand Weapons
 a - a +2 short sword of venom (weapon)
Armour
 c - an orb of light (worn)
 g - a +0 hat (worn)
 j - a +0 troll leather armour (worn)
Jewellery
 d - a ring of magical power (left hand)
Scrolls
 b - a scroll of fog {unknown}
 e - a scroll of brand weapon {unknown}
 f - a scroll of blinking {unknown}
 h - 3 scrolls of identify {unknown}
 k - 2 scrolls of teleportation {unknown}
 l - a scroll of acquirement {unknown}
 q - a scroll of fear {unknown}
 r - a scroll of enchant weapon {unknown}
 s - 2 scrolls of noise {unknown}
 t - a scroll of immolation {unknown}
 u - a scroll of vulnerability {unknown}
Potions
 i - a potion of invisibility {unknown}
 m - a potion of heal wounds {unknown}
 n - a potion of mutation {unknown}
 o - a potion of attraction {unknown}
 p - 5 potions of enlightenment


   Skills:
 + Level 4.5 Fighting
 + Level 4.0 Dodging
 + Level 4.9 Unarmed Combat


You had 5 spell levels left.
You didn't know any spells.
Your spell library contained the following spells:

 Spells                   Type           Power      Damage    Failure   Level
 Foxfire                  Conj/Fire      0%         2x1d4     43%         1
 Plasma Beam              Fire/Air       0%         2x1d10    100%        6
 Starburst                Conj/Fire      0%         6d3       100%        6


Dungeon Overview and Level Annotations

Branches:
Dungeon (3/15)              Sewer (visited)

Altars:
Cheibriados
Fedhas
Wu Jian

Shops:
D:3 (


Innate Abilities, Weirdness & Mutations

You have extremely sharp teeth.
Your natural rate of healing is unusually fast.
When hurt, damage is shared between your health and your magic reserves.
Your bite disrupts and absorbs the magic of your enemies.
Potions cannot restore your health.


Message History

You kill the gnoll!
A gnoll comes into view. It is wielding a +0 flail.
The gnoll hits you from afar with a +0 spear.
The gnoll hits you from afar with a +0 spear of freezing!
The gnoll freezes you.
A rat comes into view.
The gnoll hits you with a +0 spear.
The gnoll hits you with a +0 spear of freezing.
The gnoll freezes you.
You are too injured to fight recklessly!
You are too injured to fight recklessly!
You hit the gnoll.
The gnoll is poisoned.
The gnoll is lightly wounded.
The gnoll hits you with a +0 spear. The gnoll closely misses you.
You hit the gnoll but do no damage.
The gnoll looks as sick as possible!
The gnoll is lightly wounded.
The gnoll closely misses you. The gnoll hits you with a +0 spear.
The gnoll hits you with a +0 spear of freezing.
The gnoll freezes you.
You hit the gnoll but do no damage.
The gnoll is lightly wounded.
The gnoll hits you with a +0 flail. The gnoll hits you with a +0 spear.
* * * LOW HITPOINT WARNING * * *
The gnoll hits you but does no damage.
You hit the gnoll but do no damage.
The gnoll looks as sick as possible!
You bite the gnoll. You drain its power.
You feel invigorated.
The gnoll is severely wounded.
You kill the gnoll!
The gnoll barely misses you. The gnoll hits you with a +0 spear.
* * * LOW HITPOINT WARNING * * *
You hit the gnoll.
The gnoll is poisoned.
The gnoll is moderately wounded.
The gnoll misses you. The rat misses you. The gnoll misses you.
You hit the gnoll.
The gnoll looks as sick as possible!
You bite the gnoll. You drain its power.
You feel invigorated.
The gnoll is severely wounded.
The gnoll hits you with a +0 flail!
* * * LOW HITPOINT WARNING * * *
The gnoll hits you with a +0 spear!
You die...

### #.. #.# #.#
##.#### ### #####
#.....###.. ....
#grg....... ... .
#.@# #.#.. .
##).#######...# .
#............#
#.#......###.# .##
#.......∩....#
#.##.
####..#.####.#
#.##.
#..#.####.###.##.
...............###
#.#..#.###.##...#
#


You could see 2 gnolls and a rat.

Vanquished Creatures
  An ice beast (D:3)
  2 gnolls (D:3)
  11 adders
  10 river rats
  4 worms
  5 dart slugs
  3 orcs (D:3)
  An endoplasm (D:1)
  6 giant cockroaches
  3 goblins
  2 hobgoblins (D:1)
  3 jackals (Sewer)
  3 quokkas
  4 ball pythons
  15 bats
  7 frilled lizards
  7 kobolds
  9 rats
96 creatures vanquished.

Notes
Turn   | Place    | Note
-------+----------+-------------------------------------------
     0 | D:1      | Ethylacetat the Vine Stalker Monk began the quest for the
                  | Orb.
     0 | D:1      | Reached XP level 1. HP: 11/11 MP: 2/2
   295 | D:1      | Reached XP level 2. HP: 16/16 MP: 3/3
   962 | D:2      | Reached XP level 3. HP: 20/20 MP: 4/4
  1274 | D:2      | Found a faded altar of an unknown god.
  1403 | D:2      | Gained mutation: Your natural rate of healing is unusually
                  | fast. [Vine Stalker growth]
  1403 | D:2      | Reached XP level 4. HP: 24/24 MP: 5/5
  1530 | D:3      | Noticed an ice beast
  1543 | D:3      | Killed an ice beast
  1544 | D:3      | Reached XP level 5. HP: 19/29 MP: 6/6
  1576 | D:3      | Found a glowing drain.
  1599 | Sewer    | Entered a sewer
  1766 | Sewer    | Reached XP level 6. HP: 25/33 MP: 7/7
  2243 | D:3      | Found an ornate altar of the Wu Jian Council.
  2244 | D:3      | Found a blossoming altar of Fedhas.
  2376 | D:3      | Found a snail-covered altar of Cheibriados.
  2447 | D:3      | Found Repe's Antique Weapon Boutique.
  2469 | D:3      | Slain by a gnoll

Illustrated notes

Levels and vault maps discovered:
D:1:      dpeg_arrival_concentric_ovals, layout_basic
D:2:      layout_loops_ring, chequers_ecumenical_altar_grove
D:3:      kennysheep_big_flooded_room, layout_loops_ring, cheibriados_altar_1,
          chequers_temple_overflow_statue_of_worship, serial_shops, shop,
          portal_sewer_entry_a, chequers_mini_garden, minmay_misc_feat_square

Skill      XL: |  1  2  3  4  5  6 |
---------------+-------------------+-----
Fighting       | 3 4 |  4.5
Dodging        | 3 4 |  4.0
Unarmed Combat | 4 |  4.9

Action                     |  1- 3 |  4- 6 || total
---------------------------+-------+-------++-------
  Melee: Unarmed           |    53 |       ||    53
         Bite              |    22 |    55 ||    77
         Short sword       |    24 |   150 ||   174
 Armour: Robe              |     5 |       ||     5
         Troll leather arm |     7 |    58 ||    65
  Dodge: Dodged            |    43 |   177 ||   220

Table legend: (Time is in decaauts)
 A = Elapsed time spent in this place.
 B = Non-inter-level travel time spent in this place.
 C = Inter-level travel time spent in this place.
 D = Time resting spent in this place.
 E = Time spent auto-exploring this place.
 F = Levels seen in this place.
 G = Mean time per level.
                   A        B        C        D        E       F      G
               +--------+--------+--------+--------+--------+-----+--------+
         Total |   2621 |   2497 |    124 |      0 |   1911 |   4 |  655.2 |
       Dungeon |   1829 |   1705 |    124 |      0 |   1335 |   3 |  609.7 |
         Sewer |    792 |    792 |      0 |      0 |    576 |   1 |  792.0 |
               +--------+--------+--------+--------+--------+-----+--------+

Top non-repeatable levels by time:
     D:1: 797 daAuts
   Sewer: 792 daAuts
     D:2: 718 daAuts
     D:3: 313 daAuts
